 Dungeon Crawl Stone Soup version 0.23.2-1-ga50397a6bc (webtiles) character file.

Game seed: 10938278176986087484

2839 Peloso the Carver (level 9, -2/79 HPs)
             Began as a Minotaur Fighter on May 19, 2019.
             Was a Believer of Okawaru.
             Slain by an unseen horror (6 damage)
             ... on level 7 of the Dungeon.
             The game lasted 00:16:39 (7448 turns).

Peloso the Carver (Minotaur Fighter)                Turns: 7448, Time: 00:16:40

Health: -2/79      AC: 15    Str: 23    XL:     9   Next: 46%
Magic:  8/8        EV: 11    Int:  5    God:    Okawaru [**....]
Gold:   343        SH: 12    Dex: 16    Spells: 8/8 levels left

rFire    + . .     SeeInvis .   a - +0 falchion (vamp)
rCold    + . .     Gourm    .   c - +0 shield
rNeg     + . .     Faith    .   q - +0 plate armour
rPois    +         Spirit   .   (helmet restricted)
rElec    +         Reflect  .   r - +0 cloak
rCorr    +         Harm     .   w - +0 pair of gloves
MR       .....                  (no boots)
Stlth    ..........             (no amulet)
HPRegen  0.23/turn              F - ring of positive energy
MPRegen  0.11/turn              (no ring)

@: agile, resistant, hasted, very quick
A: retaliatory headbutt, horns 2
a: Heroism, Renounce Religion


You were on level 7 of the Dungeon.
You worshipped Okawaru.
Okawaru was pleased with you.
You were not hungry.

You visited 2 branches of the dungeon, and saw 9 of its levels.

You collected 343 gold pieces.

Inventory:

Hand Weapons
 a - a +0 vampiric falchion (weapon)
Armour
 b - a +0 scale mail
 c - a +0 shield (worn)
 q - a +0 plate armour (worn)
 r - a +0 cloak (worn)
 w - a +0 pair of gloves (worn)
Jewellery
 F - a ring of positive energy (left hand)
Wands
 l - a wand of iceblast (7)
 x - a wand of acid (2)
 H - a wand of flame (51)
 I - a wand of disintegration (10)
Scrolls
 e - 8 scrolls of identify {unknown}
 j - 2 scrolls of remove curse {unknown}
 k - a scroll of fear {unknown}
 m - a scroll of enchant weapon {unknown}
 o - 2 scrolls of random uselessness {unknown}
 t - a scroll of immolation {unknown}
 u - 3 scrolls of blinking {unknown}
 v - a scroll of amnesia {unknown}
 y - 3 scrolls of magic mapping {unknown}
 z - 2 scrolls of enchant armour {unknown}
 A - a scroll of teleportation {unknown}
 C - a scroll of torment {unknown}
Potions
 d - 3 potions of might
 g - 2 potions of agility
 h - a potion of invisibility {unknown}
 i - a potion of brilliance {unknown}
 n - a potion of degeneration {unknown}
 p - a potion of resistance
 s - 2 potions of curing {unknown}
 B - a potion of cancellation {unknown}
 D - a potion of haste
 E - a potion of flight {unknown}
Comestibles
 f - 13 rations


   Skills:
 + Level 7.0 Fighting
 + Level 10.3 Long Blades
 + Level 7.1 Armour
 + Level 1.2 Dodging
 + Level 0.1 Stealth
 + Level 9.0 Shields


You had 8 spell levels left.
You didn't know any spells.
Your spell library contained the following spells:

 Spells                   Type           Power        Failure   Level  Hunger
 Corona                   Hex            #......      100%        1    ##.....
 Ensorcelled Hibernation  Hex/Ice        #.....       100%        2    ###....
 Confuse                  Hex            #.......     100%        3    ####...
 Dazzling Spray           Conj/Hex       #.....       100%        3    ####...
 Tukima's Dance           Hex            #.......     100%        3    ####...


Dungeon Overview and Level Annotations

Branches:
Dungeon (8/15)             Temple (1/1) D:5
   Lair: D:8-11

Altars:
Ashenzari
Cheibriados
Dithmenos
Elyvilon
Fedhas
Gozag
Hepliaklqana
Kikubaaqudgha
Makhleb
Nemelex Xobeh
Okawaru
Qazlal
Ru
Sif Muna
Trog
Uskayaw
Vehumet
Wu Jian
Xom
Yredelemnul
Zin
The Shining One


Innate Abilities, Weirdness & Mutations

You reflexively headbutt those who attack you in melee.
You have a pair of horns on your head.


Message History

You hit something. Your headbutt misses something.
Something hits you but does no damage. You block something's attack.
You closely miss something. Something hits you but does no damage.
Okay, then.
It was a potion of agility.
You feel agile all of a sudden.
Something hits you but does no damage. x2
It was a potion of resistance.
You feel protected. Something hits you but does no damage.
It was a potion of haste.
You feel yourself speed up. You block something's attack.
Something hits you but does no damage. Something hits you.
* * * LOW HITPOINT WARNING * * *
Something hits you.
* * * LOW HITPOINT WARNING * * *
Something completely misses you.
You hit something. Something hits you but does no damage.
Something hits you but does no damage. Something hits you.
You die...

#######..'..........##########
#........#....#####...........
#........#....# #..#########
#......†.#..[.# #..#
####.....##.#######..#
#.....##..........#
#.....##.######...#
#.....##.######...#########
#.....##>.@................
#.....#########..#####.####
#)....# #..# #.# ####'## #..##
#.# #.# #...####.#### #.#
#............ #.#
#.#..###.#### #.# #†##.###.#
#. #.# #.##..##.# #.


There were no monsters in sight!

Vanquished Creatures
  A hungry ghost (D:8)
  Menkaure (D:5)
  A steam dragon (D:7)
  2 sky beasts
  3 phantoms
  3 ogres
  4 centaurs
  Blork the orc (D:6)
  3 bullfrogs
  A scorpion (D:4)
  A howler monkey (D:4)
  A crimson imp (D:7)
  A quasit (D:8)
  2 centaur skeletons
  3 hounds
  A jelly (D:7)
  10 orc wizards
  5 orc priests
  Terence (D:3)
  An iguana (D:6)
  5 worker ants
  A hound zombie (D:6)
  2 worker ant zombies
  7 adders
  A shadow imp (D:6)
  2 oozes
  3 adder skeletons
  2 worms
  2 dart slugs
  10 leopard geckos
  22 orcs
  9 bats
  4 giant cockroaches
  6 goblins
  5 hobgoblins
  4 jackals (D:3)
  2 quokkas
  2 ball pythons
  5 frilled lizards
  7 kobolds
  A leopard gecko skeleton (D:5)
  A quokka skeleton (D:4)
  7 rats
156 creatures vanquished.

Notes
Turn   | Place    | Note
-------+----------+-------------------------------------------
     0 | D:1      | Peloso the Minotaur Fighter began the quest for the Orb.
     0 | D:1      | Reached XP level 1. HP: 19/19 MP: 0/0
   480 | D:1      | Reached XP level 2. HP: 22/27 MP: 1/1
   816 | D:2      | Found an ancient bone altar of Kikubaaqudgha.
   820 | D:2      | Found a deep blue altar of Sif Muna.
   870 | D:2      | Reached XP level 3. HP: 30/33 MP: 2/2
  1314 | D:3      | Reached skill level 3 in Long Blades
  1314 | D:3      | Reached XP level 4. HP: 21/40 MP: 3/3
  1767 | D:3      | Noticed Terence
  1783 | D:3      | Killed Terence
  1783 | D:3      | Reached skill level 1 in Dodging
  1783 | D:3      | Reached skill level 5 in Shields
  1895 | D:3      | Reached XP level 5. HP: 47/47 MP: 4/4
  2016 | D:3      | Found a bloodstained altar of Trog.
  2522 | D:3      | Reached skill level 4 in Long Blades
  2667 | D:4      | Reached XP level 6. HP: 23/53 MP: 5/5
  2678 | D:4      | Reached skill level 5 in Long Blades
  3262 | D:4      | Reached skill level 6 in Long Blades
  3402 | D:5      | Entered Level 5 of the Dungeon
  3404 | D:5      | Found a staircase to the Ecumenical Temple.
  3612 | D:4      | Reached skill level 5 in Fighting
  3612 | D:4      | Reached XP level 7. HP: 59/61 MP: 6/6
  3614 | D:4      | Reached skill level 5 in Armour
  3859 | Temple   | Entered the Ecumenical Temple
  3901 | Temple   | Became a worshipper of Warmaster Okawaru
  4158 | D:5      | Found a sparkling altar of Nemelex Xobeh.
  4159 | D:5      | Found a shadowy altar of Dithmenos.
  4161 | D:5      | Found a stormy altar of Qazlal.
  4163 | D:5      | Found a basalt altar of Yredelemnul.
  4167 | D:5      | Reached skill level 7 in Long Blades
  4168 | D:5      | Found a glowing silver altar of Zin.
  4191 | D:5      | Found a bloodstained altar of Trog.
  4270 | D:5      | Noticed Menkaure
  4280 | D:5      | Killed Menkaure
  4280 | D:5      | Reached XP level 8. HP: 20/69 MP: 7/7
  5109 | D:6      | Reached * piety under Okawaru
  5109 | D:6      | Reached skill level 8 in Long Blades
  5207 | D:6      | Found a shimmering altar of Xom.
  5208 | D:6      | Found a hazy altar of Hepliaklqana.
  5209 | D:6      | Noticed a spectral ugly thing
  5401 | D:6      | Reached skill level 9 in Long Blades
  5435 | D:6      | Reached ** piety under Okawaru
  5463 | D:6      | Found an ancient bone altar of Kikubaaqudgha.
  5465 | D:6      | Found a glowing silver altar of Zin.
  5465 | D:6      | Found a shimmering altar of Xom.
  5467 | D:6      | Found an iron altar of Okawaru.
  5467 | D:6      | Found a snail-covered altar of Cheibriados.
  5467 | D:6      | Found a glowing silver altar of Zin.
  5542 | D:6      | Noticed Blork the orc
  5553 | D:6      | Killed Blork the orc
  5618 | D:6      | Reached XP level 9. HP: 78/78 MP: 8/8
  5914 | D:6      | Found an ornate altar of the Wu Jian Council.
  6661 | D:7      | Reached skill level 10 in Long Blades
  7058 | D:8      | HP: 1/78 [something (6)]
  7448 | D:7      | Slain by an unseen horror

Skill      XL: |  1  2  3  4  5  6  7  8  9 |
---------------+----------------------------+-----
Shields        | 4 5 6 7 9 |  9.0
Fighting       | 4 5 6 7 |  7.0
Armour         | 4 5 6 7 |  7.1
Long Blades    | 3 4 6 7 9 10 | 10.3
Dodging        | 1 |  1.2
Stealth        | |  0.1

Action                   |  1- 3 |  4- 6 |  7- 9 || total
-------------------------+-------+-------+-------++-------
Melee: Long sword        |    79 |   178 |    26 ||   283
       Headbutt          |    12 |    35 |    88 ||   135
       Falchion          |       |       |   378 ||   378
Invok: Heroism           |       |       |     2 ||     2
  Use: Potion            |       |       |     3 ||     3
  Eat: Chunk             |     1 |     6 |    12 ||    19
       Ration            |       |       |     3 ||     3
Armor: Scale mail        |    41 |     4 |       ||    45
       Plate armour      |       |   124 |   235 ||   359
Dodge: Dodged            |    21 |    35 |    60 ||   116
Block: Shield            |    45 |   103 |   190 ||   338
       Rpst.: Long sword |     7 |     8 |     1 ||    16
       Falchion          |       |       |    17 ||    17
